 Dungeon Crawl Stone Soup version 0.23.1 (webtiles) character file.

Game seed: 773966346421325886

92 Borgoz the Sneak (level 4, -1/33 HPs)
             Began as a Ghoul Enchanter on Mar 4, 2019.
             Slain by an orc wizard
             ... wielding a +0 dagger
              (2 damage)
             ... on level 2 of the Dungeon.
             The game lasted 00:06:12 (2800 turns).

Borgoz the Sneak (Ghoul Enchanter)                  Turns: 2800, Time: 00:06:13

Health: -1/33      AC:  3    Str: 11    XL:     4   Next: 60%
Magic:  5/5        EV: 12    Int: 11    God:
Gold:   217        SH:  0    Dex:  9    Spells: 0/6 levels left

rFire    . . .     SeeInvis .   a - +1 dagger
rCold    + . .     Gourm    .   (no shield)
rNeg     + + +     Faith    .   b - +0 robe
rPois    ∞         Spirit   .   (no helmet)
rElec    .         Reflect  .   j - +0 cloak
rCorr    .         Harm     .   (no gloves)
MR       .....                  (no boots)
Stlth    +++.......             (no amulet)
HPRegen  0.00/turn              e - ring of stealth
MPRegen  0.09/turn              (no ring)

@: flying, very slightly contaminated, rotting, hasted, very quick
A: rotting body, claws 1, carnivore, cold resistance 1, negative energy
resistance 3, inhibited regeneration, torment resistance, unbreathing
a: no special abilities


You were on level 2 of the Dungeon.
You were not hungry.

You visited 1 branch of the dungeon, and saw 3 of its levels.

You collected 217 gold pieces.

Inventory:

Hand Weapons
 a - a +1 dagger (weapon)
Armour
 b - a +0 robe (worn)
 j - a +0 cloak (worn)
Jewellery
 e - a ring of stealth (left claw)
Scrolls
 c - 2 scrolls of immolation {unknown}
 g - 3 scrolls of identify {unknown}
 h - 4 scrolls of teleportation {unknown}
 i - a scroll of blinking {unknown}
 k - a scroll of magic mapping {unknown}
 m - a scroll of remove curse {unknown}
Comestibles
 d - 4 rations


   Skills:
 + Level 0.0 Fighting
 * Level 2.7 Short Blades
 + Level 2.5 Dodging
 + Level 4.1 Stealth
 + Level 1.8 Spellcasting
 - Level 2.4 Hexes


You couldn't memorise any spells.
You knew the following spells:

 Your Spells              Type           Power        Failure   Level  Hunger
a - Corona                Hex            #......      11%         1    ##.....
b - Ensorcelled Hibernat  Hex/Ice        #.....       26%         2    ###....
c - Confuse               Hex            #.......     32%         3    ####...

Your spell library contained the following spells:

 Spells                   Type           Power        Failure   Level  Hunger
 Tukima's Dance           Hex            #.......     32%         3    ####...
 Dazzling Spray           Conj/Hex       #.....       47%         3    ####...


Dungeon Overview and Level Annotations

Branches:
Dungeon (3/15)

Altars:


Innate Abilities, Weirdness & Mutations

Your body is rotting away.
You thrive on raw meat.
You are immune to poison.
You have sharp fingernails.
You are carnivorous and can eat meat at any time.
Your flesh is cold resistant. (rC+)
You are immune to negative energy. (rN+++)
You do not regenerate when monsters are visible.
You are immune to unholy pain and torment.
You can survive without breathing.


Message History

* * * LOW HITPOINT WARNING * * *
Casting: Ensorcelled Hibernation (safe; 26% risk of failure)
Confirm with . or Enter, or press ? or * to list all spells.
Aiming: Ensorcelled Hibernation (safe; 26% risk of failure)
Press: ? - help, Shift-Dir - straight line, f - orc wizard
Aim: an orc wizard, wielding a +0 dagger and wearing a +0 robe (moderately wounded, chance to defeat MR: 35%)
You miscast Ensorcelled Hibernation.
You are very lightly contaminated with residual magic.
You hear an indistinct dissonance whispering inside your mind.
The orc wizard gestures at you while chanting.
The puff of flame hits you!
* * * LOW HITPOINT WARNING * * *
It was a potion of haste.
You feel yourself speed up. The orc wizard closely misses you.
It was a potion of flight.
You feel very buoyant.
You fly up into the air.
It was a potion of magic.
Magic courses through your body.
The orc wizard hits you with a +0 dagger.
You die...

# # # #########
#.......#
####.#####.#
.........#.#######
####.............#
# #...>.#.#####.#
# #.#####.# #@# #
#.......#####o#
############...#[#
..### #..>...#
....#######......#
#.#.##...........#
#.#.##....)......#
#...........#.##.#
###.##......#..#.#


You could see an orc wizard.

Vanquished Creatures
  2 adders (D:2)
  2 oozes (D:1)
  4 dart slugs
  3 leopard geckos
  4 orcs
  4 giant cockroaches
  5 goblins
  3 hobgoblins
  A jackal (D:1)
  4 quokkas
  2 ball pythons (D:1)
  5 bats
  2 frilled lizards
  2 kobolds (D:1)
  8 rats
51 creatures vanquished.

Notes
Turn   | Place    | Note
-------+----------+-------------------------------------------
     0 | D:1      | Borgoz the Ghoul Enchanter began the quest for the Orb.
     0 | D:1      | Reached XP level 1. HP: 14/14 MP: 2/2
    30 | D:1      | Reached skill level 1 in Short Blades
   334 | D:1      | Reached XP level 2. HP: 20/20 MP: 3/3
   464 | D:1      | Learned a level 2 spell: Ensorcelled Hibernation
   890 | D:2      | Reached XP level 3. HP: 25/25 MP: 4/4
  1631 | D:2      | Reached skill level 4 in Stealth
  1638 | D:2      | Reached XP level 4. HP: 31/32 MP: 3/5
  2281 | D:3      | Learned a level 3 spell: Confuse
  2797 | D:2      | HP: 1/33 [orc wizard/puff of flame (8)]
  2800 | D:2      | Slain by an orc wizard

Skill      XL: |  1  2  3 |
---------------+----------+-----
Short Blades   | 1 2 |  2.7
Dodging        | 2 |  2.5
Stealth        | 4 |  4.1
Spellcasting   | |  1.8
Hexes          | |  2.4

Action                   |  1- 3 |  4- 6 || total
-------------------------+-------+-------++-------
Melee: Dagger            |    86 |   167 ||   253
 Cast: Ensorcelled Hiber |     7 |     4 ||    11
       Corona            |     1 |       ||     1
  Use: Potion            |       |     3 ||     3
 Stab: Sleeping          |    12 |     4 ||    16
  Eat: Chunk             |     4 |    15 ||    19
Armor: Robe              |    11 |    33 ||    44
Dodge: Dodged            |    47 |    75 ||   122
